 Seeded DCSS version 0.29.0-4-gdea44cf6ec (webtiles) character file.

Game seed: 5337410552844409547 (custom seed)

9516 NinjaNoafa the Grappler (level 11, -30/104 (109) HPs)
             Began as a Troll Fighter on Aug 26, 2022.
             Was an Elder of Ru.
             Annihilated by a two-headed ogre
             ... wielding a +0 giant club
              (31 damage)
             ... while paralysed by a hornet
             ... on level 8 of the Dungeon.
             The game lasted 00:23:07 (9697 turns).

NinjaNoafa the Grappler (Troll Fighter)             Turns: 9697, Time: 00:23:08

HP:   -30/104 (109) AC: 11    Str: 32    XL:     11   Next: 24%
MP:   10/10         EV:  1    Int:  4    God:    Ru [****..]
Gold: 679           SH:  0    Dex: 13    Spells: 10/10 levels left

rFire   + . .      SeeInvis .     - Unarmed
rCold   . . .      Faith    .   f - +4 tower shield {AC+3}
rNeg    + . .      Spirit   .   F - +2 robe {rF+}
rPois   .          Reflect  .   I - +2 hat
rElec   .          Harm     .   w - scarf {shadows}
rCorr   .          Rampage  .   (gloves unavailable)
Will    +....                   (boots unavailable)
Stlth   +.........              (no amulet)
HPRegen 1.07/turn               p - ring "Baatasch" {+Blink rN+ Str+6 Slay+3}
MPRegen 0.12/turn               b - ring of willpower

@: paralysed, lethally poisoned (-30 -> -32), exhausted, slowed, lightly drained
A: large, unfitting armour, claws 3, regeneration 1, shaggy fur 1, tough skin 1,
hated by all, inability to train armour, unskilled 1
a: Renounce Religion, Evoke Blink, Draw Out Power, Power Leap


You were on level 8 of the Dungeon.
You worshipped Ru.
Ru was greatly pleased with you.
You visited 2 branches of the dungeon, and saw 12 of its levels.

You collected 793 gold pieces.
You spent 114 gold pieces at shops.

Inventory:

Missiles
 g - 90 stones
 i - 13 poisoned darts
 u - 13 boomerangs
 v - a throwing net
 y - 8 large rocks (quivered)
Armour
 f - a +4 tower shield of protection (worn)
 w - a scarf of shadows (worn)
 F - a +2 robe of fire resistance (worn)
 I - a +2 hat (worn)
Jewellery
 a - a ring of positive energy
 b - a ring of willpower (right claw)
 p - the ring "Baatasch" (left claw) {+Blink rN+ Str+6 Slay+3}
   (You found it on level 3 of the Dungeon)

   [ring of strength]

   Str:       It affects your strength (+6).
   Slay:      It affects your accuracy & damage with ranged weapons and melee
   (+3).
   rN:        It protects you from negative energy.
   +Blink:    It lets you blink.
 r - a ring of fire
 K - a ring of protection from fire
Wands
 m - a wand of mindburst (2)
 n - a wand of polymorph (9)
 D - a wand of roots (8)
 H - a wand of flame (7)
Scrolls
 d - a scroll of torment
 k - a scroll of teleportation
 l - 3 scrolls of fog
 o - 3 scrolls of amnesia
 s - a scroll of silence
 t - 2 scrolls of noise
Potions
 c - a potion of might
 e - a potion of attraction
 h - 6 potions of curing
 j - a potion of cancellation
 z - a potion of lignification
 B - a potion of invisibility
 C - 3 potions of degeneration
 E - 2 potions of brilliance
 G - 2 potions of flight
 M - a potion of haste


   Skills:
 - Level 7.0 Fighting
 + Level 6.0 Dodging
 - Level 7.0 Shields
 - Level 8.1 Unarmed Combat
 - Level 5.0 Evocations


You had 10 spell levels left.
You didn't know any spells.
Your spell library contained the following spells:

 Spells                   Type           Power      Damage    Failure   Level
 Apportation              Tloc           0%         N/A       96%         1
 Magic Dart               Conj           0%         1d3       96%         1
 Necrotise                Necr           0%         1d4       96%         1
 Sublimation of Blood     Necr           0%         N/A       99%         2
 Wereblood                Tmut           0%         N/A       99%         2
 Inner Flame              Hex/Fire       0%         N/A       100%        3
 Mephitic Cloud           Conj/Pois/Air  0%         N/A       100%        3
 Ozocubu's Armour         Ice            0%         N/A       100%        3
 Cause Fear               Hex            0%         N/A       100%        4
 Blade Hands              Tmut           0%         N/A       100%        5
 Irradiate                Conj/Tmut      0%         3d11      100%        5
 Dragon Form              Tmut           0%         N/A       100%        7
 Ozocubu's Refrigeration  Ice            0%         4d7       100%        7
 Discord                  Hex            0%         N/A       100%        8
 Summon Small Mammal      Summ           Unusable   N/A       N/A         1
 Call Imp                 Summ           Unusable   N/A       N/A         2
 Summon Hydra             Summ           Unusable   N/A       N/A         7

Dungeon Overview and Level Annotations

Branches:
Dungeon (11/15)            Temple (1/1) D:5
   Lair: D:8-11         Orc: D:9-12

Altars:
Ashenzari
Cheibriados
Dithmenos
Elyvilon
Gozag
Kikubaaqudgha
Makhleb
Nemelex Xobeh
Okawaru
Qazlal
Ru
Sif Muna
Trog
Uskayaw
Vehumet
Wu Jian
Xom
Zin
The Shining One

Shops:
D:9 [

Annotations:
D:8 1 transporter


Innate Abilities, Weirdness & Mutations

You are too large for most types of armour.
You have claws for hands.
Your natural rate of healing is unusually fast.
You are covered in fur. (AC +1)
You have tough skin. (AC +1)
You are hated by all.
You cannot train Armour skill.
You are somewhat unskilled. (-1 Apt)


Message History

The centaur kicks you but does no damage.
The hornet stings you.
You are more poisoned.
You suddenly lose the ability to move!
The two-headed ogre hits you but does no damage.
The two-headed ogre hits you with a +0 giant club!
* * * LOW HITPOINT WARNING * * *
The shadow imp hits you but does no damage.
You redirect the centaur's attack!
The centaur barely misses itself.
The centaur kicks itself.
The hornet stings you.
* * * LOW HITPOINT WARNING * * *
You feel yourself slow down.
You feel very sick.
The centaur hits you but does no damage.
The centaur kicks you but does no damage.
The hornet stings you.
* * * LOW HITPOINT WARNING * * *
You feel as though you will be slow longer.
The shadow imp hits you but does no damage.
The two-headed ogre hits you with a +0 giant club.
* * * LOW HITPOINT WARNING * * *
The two-headed ogre hits you with a +0 giant club.
* * * LOW HITPOINT WARNING * * *
The centaur hits you but does no damage.
The centaur kicks you but does no damage.
The hornet stings you!
* * * LOW HITPOINT WARNING * * *
You feel as though you will be slow longer.
* * * LOW HITPOINT WARNING * * *
You feel sick.
The shadow imp is stunned by your conviction and fails to attack.
The hornet stings you.
* * * LOW HITPOINT WARNING * * *
You shrug off the repeated paralysis!
The centaur hits you but does no damage.
The centaur kicks you but does no damage.
The two-headed ogre hits you but does no damage.
The two-headed ogre hits you with a +0 giant club!!
You die...

†# #.##.......####.......####..
.# #.#..#####..###.............
.# ##...##.©.##...............##
.####...##.###.##....#.......####
....#..##......~##..###.......##.
.###..##8.......8##..#......#....
.##..##..#.##.S#.~##........##.##
##..##....##.##5...##..........#
##..#.#.Y.#...##@c#.#..........#
#..©#©#.~#....[#yO#.#©..#......##
....#g#..##...##c~#.#..##.......#
....##K.~.##:##$...##..##........
.....##~.#.###.#.~##..###.....###
..##..##8c..o...8##........##.# #
.......##55~$...##......#####.###
....##..##.###c##......## #..##
..####...##...##.......## ##...


You could see a two-headed ogre, a hornet, a water moccasin, 2 centaurs and a
shadow imp.

Vanquished Creatures
  2 two-headed ogres (D:10)
  The ghost of stipulation the Transmogrifier, a novice DrTm of Wu Jian (D:8)
  A deep elf zephyrmancer (D:10)
  A deep elf pyromancer (D:10)
  A cyclops (D:9)
  2 trolls
  A wyvern (D:8)
  A wraith (D:10)
  A vampire (D:7)
  6 yaks
  A steam dragon (D:9)
  Edmund (D:6)
  A water moccasin (D:9)
  A swamp drake (D:10)
  4 black bears
  3 orc warriors
  3 sky beasts
  2 ice beasts
  2 ogres
  3 centaurs
  A phantom (D:6)
  2 kobold brigands
  The ghost of Gurantaxtaxq the Magician, an amateur DEFE (D:3)
  3 bullfrogs
  9 scorpions
  A water moccasin zombie (D:3)
  5 wights
  5 killer bees (D:4)
  A howler monkey (D:5)
  A crimson imp (D:10)
  A bullfrog zombie (D:3)
  4 hounds
  A centaur zombie (D:3)
  A jelly (D:6)
  6 orc priests
  An iron imp (D:10)
  3 iguanas
  13 orc wizards
  11 gnolls
  12 adders
  2 shadow imps
  2 white imps
  4 dart slugs
  52 orcs
  12 ball pythons
  7 endoplasms
  A giant cockroach (D:2)
  9 hobgoblins
  4 jackals (D:2)
  2 quokkas (D:1)
  2 bats
  4 frilled lizards
  2 goblins
  11 kobolds
  7 rats
241 creatures vanquished.

Vanquished Creatures (others)
  A cyclops (D:9)
  A sky beast (D:7)
  A gnoll bouda (D:8)
  4 fungi (D:2)
  9 plants
16 creatures vanquished.

Grand Total: 257 creatures vanquished

Notes
Turn   | Place    | Note
-------+----------+-------------------------------------------
     0 | D:1      | NinjaNoafa the Troll Fighter began the quest for the Orb.
     0 | D:1      | Reached XP level 1. HP: 22/22 MP: 0/0
   177 | D:1      | Reached XP level 2. HP: 29/29 MP: 1/1
   235 | D:1      | Reached skill level 3 in Unarmed Combat
   562 | D:1      | Reached XP level 3. HP: 36/36 MP: 2/2
   725 | D:2      | Reached skill level 4 in Unarmed Combat
   922 | D:2      | Found a faded altar of an unknown god.
  1053 | D:2      | Reached XP level 4. HP: 44/44 MP: 3/3
  1344 | D:3      | Found a shadowy altar of Dithmenos.
  1344 | D:3      | Found a sacrificial altar of Ru.
  1346 | D:3      | Found a shimmering blue altar of Sif Muna.
  1360 | D:3      | Became a worshipper of Ru the Awakened
  1465 | D:3      | Identified the ring "Baatasch" {+Blink rN+ Str+6 Slay+3}
  1667 | D:3      | Found a runed translucent gate.
  1667 | D:3      | Found a runed translucent gate.
  1668 | D:3      | Found a runed translucent gate.
  1669 | D:3      | Noticed Gurantaxtaxq's ghost (amateur DEFE)
  1677 | D:3      | Reached skill level 5 in Unarmed Combat
  1679 | D:3      | Killed Gurantaxtaxq's ghost
  1680 | D:3      | Reached XP level 5. HP: 45/53 MP: 4/4
  1688 | D:3      | Reached skill level 1 in Evocations
  1688 | D:3      | Reached XP level 6. HP: 42/61 MP: 5/5
  2015 | D:4      | Found a blossoming altar of Fedhas.
  2210 | D:4      | Reached XP level 7. HP: 63/67 MP: 6/6
  2250 | D:4      | Gained mutation: You are hated by all. [Ru sacrifice]
  2250 | D:4      | Reached * piety under Ru
  2250 | D:4      | Reached ** piety under Ru
  2345 | D:4      | Reached skill level 6 in Unarmed Combat
  2734 | D:4      | Found a sparkling altar of Nemelex Xobeh.
  2799 | D:5      | Entered Level 5 of the Dungeon
  2941 | D:5      | Reached skill level 7 in Unarmed Combat
  3069 | D:5      | Found a staircase to the Ecumenical Temple.
  3074 | D:5      | Reached XP level 8. HP: 62/75 MP: 7/7
  3082 | Temple   | Entered the Ecumenical Temple
  4726 | D:6      | Noticed Edmund
  4731 | D:6      | Reached XP level 9. HP: 78/87 MP: 8/8
  4734 | D:6      | Killed Edmund
  4737 | D:6      | Reached skill level 5 in Fighting
  4737 | D:6      | Reached skill level 5 in Dodging
  4753 | D:6      | Gained mutation: You are somewhat unskilled. (-1 Apt) [Ru
                  | sacrifice]
  4753 | D:6      | Reduced skill Unarmed Combat to level 6
  4753 | D:6      | Reached *** piety under Ru
  5091 | D:7      | Reached skill level 5 in Evocations
  5180 | D:7      | Identified a scroll of acquirement
  5181 | D:7      | Acquired a +2 tower shield of protection
  5536 | D:7      | Reached skill level 7 in Unarmed Combat
  5575 | D:7      | Reached skill level 5 in Dodging
  5586 | D:7      | Reached skill level 5 in Fighting
  5810 | D:8      | Found a flagged portal.
  6343 | D:8      | Noticed a troll
  6344 | D:8      | Noticed stipulation's ghost (novice DrTm)
  6344 | D:8      | Noticed a two-headed ogre
  6404 | D:8      | Reached XP level 10. HP: 68/96 MP: 9/9
  6472 | D:8      | Reached skill level 8 in Unarmed Combat
  6617 | D:8      | Found a hide-covered altar of Uskayaw.
  6758 | D:8      | Gained mutation: You cannot train Armour skill. [Ru
                  | sacrifice]
  6758 | D:8      | Reached **** piety under Ru
  6769 | D:8      | Found a transporter.
  6855 | D:8      | Found a transporter.
  7213 | D:9      | Found Vikyul's Antique Armour Shop.
  7220 | D:9      | Bought an embroidered robe for 114 gold pieces
  7247 | D:9      | Reached skill level 5 in Shields
  7300 | D:9      | Noticed a cyclops
  7317 | D:9      | Killed a cyclops
  7424 | D:9      | Found an opulent altar of Gozag.
  7467 | D:9      | Noticed a cyclops
  7468 | D:9      | Killed a cyclops
  7531 | D:9      | Found a white marble altar of Elyvilon.
  7831 | D:10     | Entered Level 10 of the Dungeon
  8077 | D:10     | Noticed a deep elf zephyrmancer
  8083 | D:10     | Killed a deep elf zephyrmancer
  8129 | D:10     | Noticed a deep elf pyromancer
  8134 | D:10     | Killed a deep elf pyromancer
  8421 | D:10     | Noticed a two-headed ogre
  8430 | D:10     | Killed a two-headed ogre
  8431 | D:10     | Reached XP level 11. HP: 29/107 MP: 4/10
  9385 | D:11     | Noticed an eight-headed hydra
  9470 | D:10     | Noticed a two-headed ogre
  9476 | D:10     | Killed a two-headed ogre
  9632 | D:8      | Killed stipulation's ghost
  9680 | D:8      | Paralysed by a hornet for 2 turns
  9687 | D:8      | Paralysed by a hornet for 3 turns
  9695 | D:8      | Paralysed by a hornet for 3 turns
  9696 | D:8      | HP: 3/104 [hornet (7)]
  9697 | D:8      | HP: 1/104 [hornet (1)]
  9697 | D:8      | Annihilated by a two-headed ogre

Illustrated notes

Levels and vault maps discovered:
D:1:      wander_arrival_peaceful_grave, layout_loops_cross, nicolae_titane
D:2:      layout_basic, shapermc_ecumenical_altar_mp_urbaneastern
D:3:      layout_loops_ring, grunt_temple_overflow_open,
          gammafunk_ghost_necromancy
D:4:      layout_loops_ring, fedhas_altar_1, gammafunk_temple_overflow_wave,
          nicolae_concentric_dashed_squares_mild, grunt_decor_cap,
          grunt_ministairs_14, minmay_misc_feat_five, minmay_snake_closets
D:5:      layout_basic, minmay_temple_entry_drinking_statues
D:6:      layout_basic, uniq_edmund
D:7:      layout_loops_cross, chequers_garden, serial_bayou_pond_a
D:8:      layout_layer_cave, marbit_many_paths, nzn_ghost_randoct,
          enter_bailey_1
D:9:      layout_basic, kennysheep_ying_yang, nicolae_gozag_seed_capital,
          serial_shops, shop, lightli_minifort
D:10:     minmay_goldmine, layout_basic, nicolae_hexahallways,
          hangedman_minor_magic
D:11:     gammafunk_the_bubble [the_bubble_gammafunk_grid], layout_long_grid,
          david_lair_generic, hive_lemuel
Temple:   hc_temple_tempest_star

Skill      XL: |  1  2  3  4  5  6  7  8  9 10 11 |
---------------+----------------------------------+-----
Unarmed Combat | 3 4 5 7 7 8 |  8.1
Fighting       | 3 4 5 6 7 |  7.0
Dodging        | 3 4 5 6 |  6.0
Shields        | 3 4 7 |  7.0
Evocations     | 1 3 4 5 |  5.0

Action                   |  1- 3 |  4- 6 |  7- 9 | 10-12 || total
-------------------------+-------+-------+-------+-------++-------
Melee: Unarmed           |   104 |    80 |   282 |   142 ||   608
Throw: Dart              |       |       |     3 |     6 ||     9
       Large rock        |       |       |       |    11 ||    11
Invok: Sacrifice Love    |       |       |     1 |       ||     1
       Sacrifice Skill   |       |       |     1 |       ||     1
       Power Leap        |       |       |       |     4 ||     4
       Sacrifice Durabil |       |       |       |     1 ||     1
       Draw Out Power    |       |       |       |     1 ||     1
 Abil: Evoke Blink       |       |       |     1 |       ||     1
Evoke: Wand              |       |       |       |     7 ||     7
  Use: Potion            |       |     2 |    10 |     2 ||    14
       Scroll            |       |       |     8 |    12 ||    20
 Stab: Invisible         |       |       |     1 |       ||     1
Armor: Robe              |    44 |    19 |    67 |    65 ||   195
Dodge: Dodged            |    38 |    36 |   102 |    27 ||   203
Block: Kite shield       |    40 |    39 |    69 |       ||   148
       Tower shield      |       |       |    66 |   107 ||   173
